 Dungeon Crawl Stone Soup version 0.27-a0-1196-g3e9cee4cb2 (console) character file.

Game seed: 4944610501792008576

1390 jejorda2 the Carver (level 8, 0/64 HPs)
             Began as a Merfolk Berserker on May 29, 2021.
             Was a Believer of Trog.
             Slain by an orc warrior
             ... wielding a +0 dire flail
              (10 damage)
             ... on level 6 of the Dungeon.
             The game lasted 00:11:14 (7479 turns).

jejorda2 the Carver (Merfolk Berserker)             Turns: 7479, Time: 00:11:15

Health: 0/64       AC: 11    Str: 19    XL:     8   Next: 68%
Magic:  8/8        EV: 10    Int:  7    God:    Trog [**....]
Gold:   210        SH:  0    Dex: 13    Spells: 7/7 levels left

rFire    . . .     SeeInvis .   a - +1 long sword
rCold    + . .     Faith    .   (no shield)
rNeg     . . .     Spirit   .   m - +1 scale mail
rPois    +         Reflect  .   (no helmet)
rElec    .         Harm     .   q - +2 cloak
rCorr    .         Rampage  .   (no gloves)
Will     ++...                  (no boots)
Stlth    ..........             (no amulet)
HPRegen  1.20/turn              t - ring of protection from cold
MPRegen  0.11/turn              l - ring of poison resistance

@: strong-willed, on berserk cooldown, flying, regenerating, slowed, very slow
A: (nimble swimmer 2), mertail
a: Renounce Religion, Berserk, Trog's Hand


You were on level 6 of the Dungeon.
You worshipped Trog.
Trog was pleased with you.
You visited 1 branch of the dungeon, and saw 6 of its levels.

You collected 210 gold pieces.

Inventory:

Hand Weapons
 a - a +1 long sword (weapon)
 n - a +0 flail
Missiles
 c - 9 boomerangs
 f - 26 poisoned darts (quivered)
 h - 5 javelins
Armour
 m - a +1 scale mail (worn)
 q - a +2 cloak (worn)
Jewellery
 l - a ring of poison resistance (right hand)
 t - a ring of protection from cold (left hand)
Wands
 j - a wand of flame (20)
Scrolls
 b - a scroll of summoning
 d - 2 scrolls of immolation
 e - 2 scrolls of teleportation
Potions
 g - 4 potions of curing
 o - 2 potions of mutation


   Skills:
 - Level 6.0 Fighting
 * Level 9.0 Long Blades
 + Level 4.2 Armour
 - Level 2.6 Dodging


You had 7 spell levels left.
You didn't know any spells.
Your spell library was empty.

Dungeon Overview and Level Annotations

Branches:
Dungeon (6/15)
 Temple: D:4-7

Altars:


Innate Abilities, Weirdness & Mutations

((You are quick and stealthy near water. (Stealth+, EV+, Speed+++)))
Your lower body shifts to a powerful aquatic tail in water.


Message History

The orc completely misses you. The orc hits you but does no damage.
You hit the orc but do no damage.
The orc is lightly wounded.
The orc misses you.
You riposte.
You closely miss the orc.
The orc is lightly wounded.
You barely miss the orc.
The orc is lightly wounded.
The orc hits you but does no damage. The orc hits you with a +0 club.
You slash the orc!
You kill the orc!
Trog accepts your kill.
No target in view!
No target in view!
Unknown command.
An orc warrior comes into view. It is wielding a +0 dire flail.
You throw a poisoned dart.
The poisoned dart closely misses the orc warrior.
The orc warrior shouts!
You throw a poisoned dart. The poisoned dart hits the orc warrior.
You throw a poisoned dart. The poisoned dart hits the orc warrior.
The orc warrior hits you with a +0 dire flail!
Items here: ( ) [ †.
You barely miss the orc warrior.
The orc warrior hits you with a +0 dire flail.
The orc warrior hits you with a +0 dire flail!
You hit the orc warrior but do no damage.
The orc warrior hits you with a +0 dire flail.
You hit the orc warrior but do no damage.
The orc warrior hits you with a +0 dire flail!
* * * LOW HITPOINT WARNING * * *
The orc warrior barely misses you.
Your skin crawls.
You feel strong-willed.
The orc warrior hits you with a +0 dire flail!
* * * LOW HITPOINT WARNING * * *
It was a potion of flight.
You feel very buoyant.
You fly up into the air.
The orc warrior hits you with a +0 dire flail!
You die...

######## #......#
#......#
######......#
#(..........#
####.......##.##
.............>#
##.......##@# +####
#.......##o# ....#
#.......##)# ....#
##.#######(# ....#
#.# #(#
....####'###.....#
..........##.#....
..........##.#.....
###..........#......


You could see an orc warrior.

Vanquished Creatures
  A hornet (D:5)
  An ice beast (D:5)
  A necrophage (D:4)
  2 black bears (D:5)
  2 ogres (D:5)
  A phantom (D:4)
  2 scorpions
  A vampire bat (D:5)
  3 orc priests
  Crazy Yiuf (D:3)
  A hound (D:5)
  A bullfrog skeleton (D:5)
  3 iguanas (D:5)
  An orc wizard (D:5)
  6 adders
  A white imp (D:6)
  An adder skeleton (D:4)
  A worm (D:2)
  A dart slug (D:2)
  12 orcs
  14 bats
  10 endoplasms
  5 giant cockroaches
  9 goblins
  3 hobgoblins (D:1)
  8 jackals
  7 kobolds
  A quokka (D:5)
  9 ball pythons
  3 frilled lizards
  2 rats
114 creatures vanquished.

Vanquished Creatures (others)
  2 plants (D:3)
2 creatures vanquished.

Grand Total: 116 creatures vanquished

Notes
Turn   | Place    | Note
-------+----------+-------------------------------------------
     0 | D:1      | jejorda2 the Merfolk Berserker began the quest for the Orb.
     0 | D:1      | Reached XP level 1. HP: 18/18 MP: 1/1
   124 | D:1      | Reached XP level 2. HP: 24/24 MP: 2/2
   877 | D:1      | Reached XP level 3. HP: 28/29 MP: 3/3
   879 | D:1      | Reached skill level 4 in Long Blades
  1041 | D:1      | Found a faded altar of an unknown god.
  1164 | D:1      | Reached ** piety under Trog
  1688 | D:2      | Reached XP level 4. HP: 22/37 MP: 4/4
  3763 | D:3      | Reached XP level 5. HP: 39/42 MP: 5/5
  3834 | D:3      | Reached skill level 5 in Long Blades
  4067 | D:3      | Found a runed translucent door.
  4068 | D:3      | Noticed Crazy Yiuf
  4275 | D:3      | Killed Crazy Yiuf
  4712 | D:4      | Noticed a phantom
  4719 | D:4      | Killed a phantom
  4720 | D:4      | Reached XP level 6. HP: 49/49 MP: 6/6
  4774 | D:4      | Noticed a necrophage
  4784 | D:4      | Killed a necrophage
  4785 | D:4      | Reached skill level 6 in Long Blades
  5184 | D:5      | Entered Level 5 of the Dungeon
  5491 | D:5      | Noticed a black bear
  5495 | D:5      | Reached skill level 5 in Fighting
  5495 | D:5      | Reached XP level 7. HP: 56/56 MP: 7/7
  5978 | D:5      | Reached skill level 7 in Long Blades
  6420 | D:5      | Noticed a hornet
  6428 | D:5      | Killed a hornet
  6429 | D:5      | Reached XP level 8. HP: 64/64 MP: 8/8
  6440 | D:5      | Reached skill level 8 in Long Blades
  7266 | D:6      | Reached skill level 9 in Long Blades
  7479 | D:6      | Slain by an orc warrior

Illustrated notes

Levels and vault maps discovered:
D:1:      co_arrival_square_in_a_square_in_a_square, layout_loops_ring,
          hellmonk_ecumenical_altar_run_dry, minmay_pentomino_x2
D:2:      layout_basic
D:3:      layout_basic, serial_forest, infiniplex_forest_lined_4_way,
          infiniplex_forest_end_3, infiniplex_forest_straight_2,
          infiniplex_forest_corner_1, infiniplex_forest_clump_tiny,
          infiniplex_forest_clump_double, uniq_crazy_yiuf_cottage
D:4:      layout_gridville
D:5:      layout_gridville, roderic_batcave, grunt_decor_arrowhead,
          grunt_ministairs_4, kennysheep_generic_room_16
D:6:      layout_basic, lemuel_round_altar, chequers_decorated_corner,
          kennysheep_nub

Skill      XL: |  1  2  3  4  5  6  7  8 |
---------------+-------------------------+-----
Long Blades    | 4 5 6 7 9 |  9.0
Armour         | 2 3 4 |  4.2
Fighting       | 4 5 6 |  6.0
Dodging        | |  2.6

Action                   |  1- 3 |  4- 6 |  7- 9 || total
-------------------------+-------+-------+-------++-------
Melee: Falchion          |   103 |   175 |    93 ||   371
       Long sword        |       |       |    21 ||    21
Throw: Dart              |       |       |    10 ||    10
Invok: Trog's Hand       |       |     1 |     4 ||     5
       Berserk           |       |     4 |     7 ||    11
  Use: Scroll            |       |    11 |     5 ||    16
       Potion            |       |       |     1 ||     1
Armor: Animal skin       |     6 |       |       ||     6
       Leather armour    |    13 |       |       ||    13
       Ring mail         |       |    36 |       ||    36
       Scale mail        |       |    43 |    69 ||   112
Dodge: Dodged            |    83 |    90 |    54 ||   227
       Rpst.: Falchion   |    31 |    19 |    14 ||    64
       Long sword        |       |       |     2 ||     2

Table legend: (Time is in decaauts)
 A = Elapsed time spent in this place.
 B = Non-inter-level travel time spent in this place.
 C = Inter-level travel time spent in this place.
 D = Time resting spent in this place.
 E = Time spent auto-exploring this place.
 F = Levels seen in this place.
 G = Mean time per level.
                   A        B        C        D        E       F      G
               +--------+--------+--------+--------+--------+-----+--------+
         Total |   7587 |   7355 |    232 |    535 |   5859 |   6 | 1264.5 |
       Dungeon |   7587 |   7355 |    232 |    535 |   5859 |   6 | 1264.5 |
               +--------+--------+--------+--------+--------+-----+--------+

Top non-repeatable levels by time:
     D:5: 1733 daAuts
     D:3: 1635 daAuts
     D:1: 1420 daAuts
     D:2: 1305 daAuts
     D:4: 1198 daAuts
     D:6: 294 daAuts
